 Dungeon Crawl Stone Soup version 0.23.1 (webtiles) character file.

Game seed: 13516310182355408705

168 Sjerrul the Shield-Bearer (level 5, 0/47 HPs)
             Began as a Minotaur Fighter on Feb 22, 2019.
             Succumbed to a worker ant's poison
             ... on level 4 of the Dungeon on Mar 15, 2019.
             The game lasted 00:19:15 (2085 turns).

Sjerrul the Shield-Bearer (Minotaur Fighter)        Turns: 2085, Time: 00:19:16

Health: 0/47       AC:  8    Str: 21    XL:     5   Next: 24%
Magic:  4/4        EV:  7    Int:  5    God:
Gold:   167        SH:  9    Dex: 10    Spells: 4/4 levels left

rFire    . . .     SeeInvis .   a - +0 long sword
rCold    . . .     Gourm    .   c - +0 shield
rNeg     . . .     Faith    .   b - +1 scale mail
rPois    .         Spirit   .   (helmet restricted)
rElec    .         Reflect  .   (no cloak)
rCorr    .         Harm     .   (no gloves)
MR       .....                  (no boots)
Stlth    ..........             (no amulet)
HPRegen  0.15/turn              l - ring of fire {rF+, rC-}
MPRegen  0.09/turn              q - ring of ice {rC+, rF-}

@: lethally poisoned (0 -> -5)
A: retaliatory headbutt, horns 2
a: no special abilities


You were on level 4 of the Dungeon.
You were not hungry.

You visited 1 branch of the dungeon, and saw 5 of its levels.

You collected 167 gold pieces.

Inventory:

Hand Weapons
 a - a +0 long sword (weapon)
 k - a +0 dagger of protection
 m - a +1 short sword of electrocution
 s - a +2 hunting sling of freezing
Missiles
 t - 2 tomahawks of returning
 u - 14 sling bullets
 Q - 94 stones (quivered)
Armour
 b - a +1 scale mail (worn)
 c - a +0 shield (worn)
Magical Staves
 v - an uncursed staff of earth {unknown}
Jewellery
 l - a ring of fire (left hand) {rF+, rC-}
 q - a ring of ice (right hand) {rC+, rF-}
Scrolls
 e - a scroll of noise {unknown}
 i - 3 scrolls of identify
Potions
 d - a potion of might
 p - a potion of agility {unknown}
Comestibles
 f - 5 rations
 g - 4 chunks of flesh


   Skills:
 + Level 4.7 Fighting
 + Level 3.9 Long Blades
 + Level 4.7 Armour
 + Level 4.8 Shields


You had 4 spell levels left.
You didn't know any spells.
Your spell library was empty.

Dungeon Overview and Level Annotations

Branches:
Dungeon (5/15)
 Temple: D:4-7

Altars:


Innate Abilities, Weirdness & Mutations

You reflexively headbutt those who attack you in melee.
You have a pair of horns on your head.


Message History

You hit the worker ant.
You feel sick.
The worker ant bites you but does no damage. x2
You take 1 damage, and have 23/47 hp.
You hit the worker ant.
You kill the worker ant!
You feel sick.
You take 1 damage, and have 22/47 hp.
You hit the iguana. You headbutt the iguana.
You feel sick. The iguana bites you!
* * * LOW HITPOINT WARNING * * *
You block the iguana's attack.
You take 11 damage, and have 11/47 hp.
MASSIVE DAMAGE!!
You slash the iguana!
You headbutt the iguana, but do no damage.
You feel sick. The iguana bites you!
* * * LOW HITPOINT WARNING * * *
You take 10 damage, and have 1/47 hp.
MASSIVE DAMAGE!!
You die...

.# #### .# < ##
#.. .####.# ...
... .......
#.####.### .....<#
#.#...... .......
#.#.##.####......#
#.......@†l.......
#.#
#...##.####.......
#.# #...##.#
....... #.#
#....#.# ..#....
#.# #.#..#.# ..#
... #.# #.#..#.#
..# .# #.#
#.#..#.####..# #
#.# #.#..........#
##.###.##........


You could see an iguana.

Levels and vault maps discovered:
D:1:      lemuel_arrival_muddy, layout_rooms, serial_forest,
          infiniplex_forest_lined_3, infiniplex_forest_lined_3_way,
          infiniplex_forest_lined_room_3, infiniplex_forest_end_1,
          infiniplex_forest_clump_diagonal, infiniplex_forest_lined_2
D:2:      layout_loops_cross
D:3:      layout_basic, old_standard_altar, first_ration, ebering_ghost_gozag,
          lemuel_statue_altar
D:4:      cheibrodos_old_hovel, layout_loops_ring, evilmike_ruin_ashenzari
D:5:      layout_layer_cave, chequers_temple_overflow_statue_of_worship,
          minmay_temple_entry_overgrown, portal_sewer_entry_d,
          ebering_ghost_disaster_area

Notes
Turn   | Place    | Note
-------+----------+-------------------------------------------
     0 | D:1      | Sjerrul the Minotaur Fighter began the quest for the Orb.
     0 | D:1      | Reached XP level 1. HP: 19/19 MP: 0/0
   123 | D:1      | Reached XP level 2. HP: 27/27 MP: 1/1
   285 | D:1      | Reached skill level 4 in Fighting
   305 | D:1      | Reached skill level 3 in Long Blades
   305 | D:1      | Reached skill level 4 in Armour
   305 | D:1      | Reached skill level 4 in Shields
   420 | D:1      | Upgraded the game from 0.23.0-3-gf3c87f2 to 0.23.1
   728 | D:1      | Identified a +0 long sword
   807 | D:2      | Reached XP level 3. HP: 33/33 MP: 2/2
  1033 | D:2      | Identified a +2 hunting sling of freezing (You found it on
                  | level 2 of the Dungeon)
  1111 | D:2      | Identified a +0 dagger
  1188 | D:2      | Identified a +0 dagger
  1331 | D:2      | Reached XP level 4. HP: 38/40 MP: 3/3
  1602 | D:2      | Identified a scroll of remove curse
  1603 | D:2      | Identified 2 scrolls of identify
  1603 | D:2      | Identified a ring of fire (You found it on level 1 of the
                  | Dungeon)
  1604 | D:2      | Identified a ring of ice (You found it on level 1 of the
                  | Dungeon)
  1607 | D:2      | Identified a scroll of enchant armour
  1608 | D:2      | Identified a scroll of immolation
  1609 | D:2      | Identified a scroll of fear
  1610 | D:2      | Identified a scroll of teleportation
  1614 | D:2      | Identified a scroll of magic mapping
  1729 | D:3      | Identified a cursed -1 flail
  1897 | D:3      | You fall through a shaft for 2 floors!
  1897 | D:5      | Entered Level 5 of the Dungeon
  1960 | D:4      | Reached XP level 5. HP: 47/47 MP: 4/4
  2083 | D:4      | HP: 11/47 [iguana (10)]
  2084 | D:4      | HP: 1/47 [iguana (9)]
  2085 | D:4      | Succumbed to a worker ant's poison

Table legend:
 A = Turns spent in this place as a percentage of turns spent in the entire game.
 B = Non-inter-level travel turns spent in this place as a percentage of non-inter-level travel turns spent in the entire game.
 C = Inter-level travel turns spent in this place as a percentage of turns spent in this place.
 D = Turns resting spent in this place as a percentage of non-inter-level travel turns spent in this place.
 E = Turns spent auto-exploring this place as a percentage of non-inter-level travel turns spent in this place.
 F = Non-inter-level travel turns spent in this place divided by the number of levels of this place that you've seen.
                   A       B       C       D       E      F
               +-------+-------+-------+-------+-------+----------------------
         Total | 100.0 | 100.0 |  10.1 |   1.2 |  68.1 | 374.8
       Dungeon | 100.0 | 100.0 |  10.1 |   1.2 |  68.1 | 374.8
               +-------+-------+-------+-------+-------+----------------------

Table legend:
 A = Kills in this place as a percentage of kills in entire the game.
 B = Kills by you in this place as a percentage of kills by you in the entire game.
 C = Kills by friends in this place as a percentage of kills by friends in the entire game.
 D = Other kills in this place as a percentage of other kills in the entire game.
 E = Experience gained in this place as a percentage of experience gained in the entire game.
 F = Experience gained in this place divided by the number of levels of this place that you have seen.
                   A       B       C       D       E      F
               +-------+-------+-------+-------+-------+----------------------
         Total | 100.0 | 100.0 |   N/A |   N/A | 100.0 |  48.2
       Dungeon | 100.0 | 100.0 |   N/A |   N/A | 100.0 |  48.2
               +-------+-------+-------+-------+-------+----------------------

Skill      XL: |  1  2 |
---------------+-------+-----
Fighting       | 4 |  4.7
Long Blades    | 3 |  3.9
Armour         | 4 |  4.7
Shields        | 4 |  4.8

Action                   |  1- 3 |  4- 6 || total
-------------------------+-------+-------++-------
Melee: Long sword        |   107 |    45 ||   152
       Headbutt          |    15 |    11 ||    26
  Use: Scroll            |       |     8 ||     8
  Eat: Chunk             |     1 |     3 ||     4
Armor: Scale mail        |    55 |    28 ||    83
Dodge: Dodged            |    36 |    10 ||    46
Block: Shield            |    48 |    19 ||    67
       Rpst.: Long sword |     8 |     3 ||    11

Vanquished Creatures
  An iguana (D:4)
  2 worker ants
  4 adders
  A worm (D:2)
  4 dart slugs
  A leopard gecko (D:1)
  An orc (D:3)
  2 giant cockroaches
  4 hobgoblins
  2 jackals (D:2)
  4 kobolds
  A quokka (D:4)
  2 ball pythons
  7 bats
  4 frilled lizards
  7 goblins
  6 rats
53 creatures vanquished.
